 Dungeon Crawl Stone Soup version 0.23.2-1-ga50397a (webtiles) character file.

Game seed: 459705130656987504

32 XPEneeg3 the Magician (level 3, -7/31 HPs)
             Began as a Gnoll Wanderer on May 3, 2019.
             Mangled by a phantom (8 damage)
             ... on level 4 of the Dungeon.
             The game lasted 00:02:12 (1002 turns).

XPEneeg3 the Magician (Gnoll Wanderer)              Turns: 1002, Time: 00:02:13

Health: -7/31      AC:  5    Str: 13    XL:     3   Next: 27%
Magic:  9/9        EV: 14    Int: 14    God:
Gold:   40         SH:  0    Dex: 16    Spells: 12/12 levels left

rFire    . . .     SeeInvis .   a - +1 falchion
rCold    + . .     Gourm    .   (no shield)
rNeg     . . .     Faith    .   b - +2 leather armour
rPois    .         Spirit   .   (no helmet)
rElec    .         Reflect  .   (no cloak)
rCorr    .         Harm     .   (no gloves)
MR       .....                  (no boots)
Stlth    +.........             (no amulet)
HPRegen  0.10/turn              h - ring of protection from cold
MPRegen  0.11/turn              (no ring)

@: no status effects
A: distributed training, fangs 1, strong nose
a: no special abilities


You were on level 4 of the Dungeon.
You were not hungry.

You visited 1 branch of the dungeon, and saw 4 of its levels.

You collected 40 gold pieces.

Inventory:

Hand Weapons
 a - a +1 falchion (weapon)
 d - a +0 blowgun
Missiles
 c - 12 poisoned needles
Armour
 b - a +2 leather armour (worn)
Jewellery
 h - a ring of protection from cold (left hand)
Wands
 k - a wand of polymorph (12)
Scrolls
 g - a scroll of enchant weapon
 j - a scroll of enchant armour {unknown}
 l - a scroll of remove curse {unknown}
Potions
 e - a potion of experience {unknown}
 i - a potion of invisibility {unknown}
Comestibles
 f - 4 rations


   Skills:
 + Level 4.5 Fighting
 + Level 0.6 Short Blades
 + Level 2.5 Long Blades
 + Level 0.6 Axes
 + Level 0.6 Maces & Flails
 + Level 0.6 Polearms
 + Level 0.6 Staves
 + Level 0.6 Slings
 + Level 0.6 Bows
 + Level 0.6 Crossbows
 + Level 2.5 Throwing
 + Level 0.6 Armour
 + Level 4.5 Dodging
 + Level 0.6 Stealth
 + Level 0.6 Shields
 + Level 0.6 Unarmed Combat
 + Level 5.0 Spellcasting
 + Level 0.4 Conjurations
 + Level 0.4 Hexes
 + Level 0.4 Charms
 + Level 0.4 Summonings
 + Level 0.4 Necromancy
 + Level 0.4 Translocations
 + Level 0.4 Transmutations
 + Level 2.1 Fire Magic
 + Level 0.4 Ice Magic
 + Level 0.4 Air Magic
 + Level 0.4 Earth Magic
 + Level 0.4 Poison Magic
 + Level 0.8 Invocations
 + Level 2.5 Evocations


You had 12 spell levels left.
You didn't know any spells.
Your spell library was empty.

Dungeon Overview and Level Annotations

Branches:
Dungeon (3/15)

Altars:
Fedhas
Kikubaaqudgha


Innate Abilities, Weirdness & Mutations

Your experience applies equally to all skills.
You have very sharp teeth.
Your uncanny sense of smell can sniff out nearby items.


Message History

You hit the phantom but do no damage.
The phantom is moderately damaged.
The phantom hits you.
You hit the phantom.
The phantom is moderately damaged.
The phantom barely misses you.
You hit the phantom. You bite the phantom, but do no damage.
The phantom is heavily damaged.
The phantom hits you but does no damage.
The phantom hits you.
The phantom blinks!
The phantom hits you but does no damage.
The phantom hits you.
* * * LOW HITPOINT WARNING * * *
The phantom blinks!
The phantom closely misses you. The phantom hits you!
* * * LOW HITPOINT WARNING * * *
The phantom hits you!
You die...

#..........#
#..........#
#..........
##...)....###
#...........##
#...........≈≈
#.......<.≈≈≈≈
#.....@W..≈≈≈≈
#.........≈≈≈≈
##........≈≈≈≈
##......#####
########


You could see a phantom.

Vanquished Creatures
  A dart slug (D:1)
  5 bats
  3 giant cockroaches
  3 goblins (D:1)
  A hobgoblin (D:1)
  6 jackals (D:1)
  2 quokkas (D:2)
  4 frilled lizards
  2 rats
27 creatures vanquished.

Vanquished Creatures (others)
  5 toadstools (D:1)
5 creatures vanquished.

Grand Total: 32 creatures vanquished

Notes
Turn   | Place    | Note
-------+----------+-------------------------------------------
     0 | D:1      | XPEneeg3 the Gnoll Wanderer began the quest for the Orb.
     0 | D:1      | XPEneeg3 set off with the following items: a +0 falchion, a
                  | +2 leather armour, 12 poisoned needles, a +0 blowgun, a
                  | ration
     0 | D:1      | Reached XP level 1. HP: 20/20 MP: 6/6
   100 | D:1      | Reached XP level 2. HP: 23/26 MP: 7/7
   748 | D:1      | Reached XP level 3. HP: 31/31 MP: 9/9
   779 | D:1      | Reached skill level 5 in Spellcasting
   850 | D:2      | Found an ancient bone altar of Kikubaaqudgha.
   853 | D:2      | Found a blossoming altar of Fedhas.
   981 | D:3      | You fall through a shaft!
   981 | D:4      | Noticed a phantom
  1001 | D:4      | HP: 1/31 [phantom (8)]
  1002 | D:4      | Mangled by a phantom

Skill      XL: |  1  2  3 |
---------------+----------+-----
Fire Magic     | 2 |  2.1
Spellcasting   | 5 |  5.0
Fighting       | |  4.5
Short Blades   | |  0.6
Long Blades    | |  2.5
Axes           | |  0.6
Maces & Flails | |  0.6
Polearms       | |  0.6
Staves         | |  0.6
Slings         | |  0.6
Bows           | |  0.6
Crossbows      | |  0.6
Throwing       | |  2.5
Armour         | |  0.6
Dodging        | |  4.5
Stealth        | |  0.6
Shields        | |  0.6
Unarmed Combat | |  0.6
Conjurations   | |  0.4
Hexes          | |  0.4
Charms         | |  0.4
Summonings     | |  0.4
Necromancy     | |  0.4
Translocations | |  0.4
Transmutations | |  0.4
Ice Magic      | |  0.4
Air Magic      | |  0.4
Earth Magic    | |  0.4
Poison Magic   | |  0.4
Invocations    | |  0.8
Evocations     | |  2.5

Action                   || total
-------------------------++-------
Melee: Falchion          ||    70
       Bite              ||     6
  Use: Scroll            ||     1
Armor: Leather armour    ||    27
Dodge: Dodged            ||    97
       Rpst.: Falchion   ||    38
